 Dungeon Sprint DCSS version 0.32-a0-798-gfa783ce77f (webtiles) character file.

Game seed: 18019140483238920295

48 Revguard the Ruffian (level 3, -9/31 HPs)
             Began as a Demigod Shapeshifter on Mar 21, 2024.
             Mangled by a tarantella (13 damage)
             ... in the Dungeon (Sprint V: "Ziggurat Sprint").
             The game lasted 00:01:14 (113 turns).

Revguard the Ruffian (Demigod Shapeshifter)          Turns: 113, Time: 00:01:15

Health: -9/31      AC: 18    Str: 31    XL:     3   Next: 30%
Magic:  5/5        EV:  5    Int: 12    God:
Gold:   0          SH:  0    Dex: 13    Spells: 2/2 levels left

rFire   + .          .
                       - Unarmed
rCold   + . .        (no shield)
rNeg    . . .        F - +5 gold dragon scales
rPois   +            (helmet currently unavailable)
rElec   .            (cloak currently unavailable)
rCorr   .            (gloves currently unavailable)
SInv    .            (boots currently unavailable)
Will    .....        (no amulet) Stlth
                     B - +6 ring of strength
HPRegen 0.25/turn    C - +6 ring of strength
MPRegen 0.09/turn

%: no teleportation
@: beast-form
A: beast (slay +2), high MP 1, forlorn, divine attributes
a: Begin Untransformation


You were in the Dungeon.
You were a hulking beast.
You visited 1 branch

Inventory:

Armour
 a - a +0 animal skin
 F - +5 gold dragon scales (worn)
Jewellery
 w - a ring of flight
 x - a +6 ring of dexterity
 y - a +6 ring of dexterity
 z - a +6 ring of intelligence
 A - a +6 ring of intelligence
 B - a +6 ring of strength (left hand)
 C - a +6 ring of strength (right hand)
Talismans
 c - a beast talisman (active)
 d - a flux talisman
 D - a blade talisman
 E - a maw talisman
Wands
 t - a wand of mindburst (7)
 u - a wand of iceblast (7)
 v - a wand of light (7)
Scrolls
 j - 4 scrolls of blinking
 p - 4 scrolls of amnesia
 q - 7 scrolls of fog
 r - 5 scrolls of identify
 s - 2 scrolls of fear
Potions
 b - a potion of lignification
 e - 10 potions of curing
 f - 10 potions of heal wounds
 g - 6 potions of haste
 h - 7 potions of magic
 i - 3 potions of berserk rage
 k - 2 potions of brilliance
 l - 2 potions of invisibility
 m - 4 potions of resistance
 o - 5 potions of might


   Skills:
 + Level 3.2 Fighting
 + Level 3.0 Armour
 + Level 3.6 Dodging
 + Level 4.2 Unarmed Combat
 + Level 2.9 Evocations
 + Level 3.9 Shapeshifting


You had 2 spell levels left.
You didn't know any spells.
Your spell library was empty.

Dungeon Overview and Level Annotations

Branches:
Dungeon (1/1)

Annotations:
D 1 transporter


Innate Abilities, Weirdness & Mutations

You are a hulking beast.
Your limbs bulge with bestial killing power. (Slay +2)
You have an increased reservoir of magic. (+10% MP)
You shall have no god before yourself.
Your divine heritage dramatically boosts your attributes as you level up.


Message History

You are a hulking beast.
Your movement speed is average.
Your attack delay is about 0.9.
Your damage rating with unarmed combat is about 13 (Base [3 + 4 (UC)] x 152% (Str) x 105% (Fight) + 2 (Slay)).
Your base attributes are Str 19, Int 12, Dex 13.
Unknown command.
You see here a +5 shortbow of freezing.
There is a transporter here.
You start resting.
HP restored.
Welcome to arena 2.
You enter the transporter and appear at another place.
A jumping spider and 2 tarantellas come into view.
The jumping spider's many legs skitter faintly.
The tarantella's many legs skitter faintly. x2
The jumping spider leaps!
Found three items.
Found a transporter.
You hit the tarantella. Your punch misses the tarantella.
The tarantella is moderately wounded.
The tarantella touches you but does no damage.
The jumping spider leaps!
The tarantella barely misses you.
The tarantella touches you but does no damage.
You hit the tarantella but do no damage.
The tarantella is moderately wounded.
The tarantella touches you!
The tarantella touches you but does no damage.
You punch the tarantella!
The tarantella is severely wounded.
The tarantella touches you.
The tarantella touches you but does no damage.
The jumping spider pounces on you but does no damage.
The jumping spider bites you but does no damage.
You hit the tarantella.
The tarantella is severely wounded.
The tarantella touches you. The tarantella barely misses you.
The jumping spider pounces on you!
* * * LOW HITPOINT WARNING * * *
The jumping spider bites you but does no damage.
The tarantella touches you but does no damage.
The tarantella touches you!
You die...

▓▓▓▓▓▓▓▓▓▓▓▓▓
▓.ß©ß.▓.ß©ß.▓
▓°=[[.▓.....▓
▓.....▓.=.).▓
▓.....▓.....▓
▓..ss.▓.....▓
▓..hs.▓..©..▓
▓..©..▓▓▓▓▓▓▓
▓▓▓▓▓▓▓


You could see a jumping spider and 2 tarantellas.

Vanquished Creatures
  An iron imp (D)
  A white imp (D)
2 creatures vanquished.

Notes
Turn   | Place    | Note
-------+----------+-------------------------------------------
     0 | D        | Revguard the Demigod Shapeshifter began the quest for the
                  | Orb.
     0 | D        | Reached XP level 1. HP: 15/15 MP: 3/3
     1 | D        | Found the +6 Majin-Bo {spellvamp, MP+6 Int+6}
     1 | D        | Found the +27 heavy crossbow "Sniper" {heavy, Acc+∞ SInv}
     1 | D        | Found the +10 dark maul {heavy}
     1 | D        | Found the +15 Maxwell's patent armour {-Cast -Tele rElec
                  | Will+ rCorr}
     1 | D        | Found the +18 shield of the Gong {Loud rN+ Will+ rCorr
                  | EV-5}
     1 | D        | Found the +16 obsidian axe {drain, demonic, Mesm ^Drain Fly
                  | SInv}
     1 | D        | Found the +7 great mace "Firestarter" {flame, immolate,
                  | rFlCloud rF++}
     1 | D        | Found the +6 shillelagh "Devastator" {shatter}
     1 | D        | Found the +11 plutonium sword {^Contam Stlth-}
     1 | D        | Found the +8 lance "Wyrmbane" {slay drac, rPois rF+ rC+
                  | AC+3}
     1 | D        | Found the +9 sword of Zonguldrok {reap}
     1 | D        | Found the +13 scythe of Curses {drain, curses, ^Drain}
     1 | D        | Found the +9 sword of Power {lifebolt}
     1 | D        | Found the +7 mace of Variability {chaos, chaos arc}
     1 | D        | Found the +11 Singing Sword {sonic wave}
     1 | D        | Found the +8 storm bow {elec, penet}
     3 | D        | Found a transporter.
    46 | D        | Reached skill level 3 in Unarmed Combat
    46 | D        | Reached XP level 2. HP: 25/25 MP: 4/4
    58 | D        | Entered arena 2.
    58 | D        | Found a transporter.
    70 | D        | Reached skill level 4 in Unarmed Combat
    70 | D        | Reached XP level 3. HP: 26/31 MP: 5/5
   108 | D        | Entered arena 3.
   108 | D        | Noticed a jumping spider
   108 | D        | Noticed a tarantella
   108 | D        | Noticed a tarantella
   108 | D        | Found a transporter.
   113 | D        | Mangled by a tarantella

Illustrated notes

Levels and vault maps discovered:
D:        sprint_v [room_start, room_1, room_2, room_3, room_4, room_5, room_6,
          room_7, room_8, room_9, room_10, room_11, room_12, room_13, room_14,
          room_15, room_16, room_17, room_18, room_19, room_20, room_21,
          room_22, room_23, room_24, room_25, room_26, room_27]

Skill      XL: |  1  2  3 |
---------------+----------+-----
Fighting       | 2 3 |  3.2
Armour         | 2 3 |  3.0
Dodging        | 3 |  3.6
Unarmed Combat | 3 4 |  4.2
Evocations     | 2 |  2.9
Shapeshifting  | 3 |  3.9

Action                     || total
---------------------------++-------
  Melee: Unarmed           ||    23
         Punch             ||     1
    Use: Potion            ||     1
 Armour: Gold dragon scale ||    35
  Dodge: Dodged            ||     4

Table legend: (Time is in decaauts)
 A = Elapsed time spent in this place.
 B = Non-inter-level travel time spent in this place.
 C = Inter-level travel time spent in this place.
 D = Time resting spent in this place.
 E = Time spent auto-exploring this place.
 F = Levels seen in this place.
 G = Mean time per level.
                   A        B        C        D        E       F      G
               +--------+--------+--------+--------+--------+-----+--------+
         Total |    110 |    110 |      0 |     24 |      0 |   1 |  110.0 |
       Dungeon |    110 |    110 |      0 |     24 |      0 |   1 |  110.0 |
               +--------+--------+--------+--------+--------+-----+--------+

Top non-repeatable levels by time:
       D: 110 daAuts
